 Dungeon Crawl Stone Soup version 0.19.1-1-g22dce08 (webtiles) character file.

95 Lennu the Shield-Bearer (level 4, 0/37 HPs)
             Began as a Formicid Fighter on Jan 4, 2017.
             Slain by mrks's ghost (12 damage)
             ... on level 3 of the Dungeon.
             The game lasted 00:09:12 (1985 turns).

Lennu the Shield-Bearer (Formicid Fighter)          Turns: 1985, Time: 00:09:13

Health: 0/37       AC: 11    Str: 25    XL:     4   Next: 97%
Magic:  4/4        EV:  8    Int:  8    God:
Gold:   112        SH: 10    Dex: 11    Spells: 0 memorised, 3 levels left

rFire  + . .     SeeInvis +     a - +0 long sword
rCold  x . .     Gourm    .     b - +0 scale mail
rNeg   . . .     Faith    .     c - +0 shield
rPois  .         Spirit   .     (helmet unavailable)
rElec  .         Reflect  .     o - +0 cloak
rCorr  .         Harm     .     i - +2 pair of gloves
MR     .....                    (no boots)
Stlth  +.........               (no amulet)
                                t - ring of stealth
                                m - ring of fire

@: mighty
A: permanent stasis, dig shafts and tunnels, four strong arms, antennae 3
a: Dig, Shaft Self


You were on level 3 of the Dungeon.
You were not hungry.

You visited 1 branch of the dungeon, and saw 3 of its levels.

You collected 112 gold pieces.

Inventory:

Hand Weapons
 a - a +0 long sword (weapon)
Armour
 b - a +0 scale mail (worn)
 c - a +0 shield (worn)
 i - a +2 pair of gloves (worn)
 o - a +0 cloak (worn)
Jewellery
 m - a ring of fire (left hand)
 t - a ring of stealth (right hand)
Scrolls
 e - a scroll of fear {unknown}
 h - 2 scrolls of immolation {unknown}
 l - a scroll of magic mapping {unknown}
 q - 3 scrolls of teleportation {unknown}
 r - a scroll of identify {unknown}
Potions
 j - a potion of brilliance {unknown}
 n - a potion of cancellation {unknown}
 s - a potion of beneficial mutation {unknown}
Comestibles
 f - 8 chunks of flesh
 g - a royal jelly
 k - a slice of pizza
 p - 2 bread rations


   Skills:
 * Level 3.8 Fighting
 * Level 2.9 Long Blades
 * Level 4.1 Armour
 * Level 1.0 Dodging
 * Level 4.2 Shields


You had 3 spell levels left.
You didn't know any spells.

Dungeon Overview and Level Annotations

Branches:
Dungeon (3/15)

Altars:
Elyvilon
Nemelex Xobeh
Beogh

Annotations:
D:3 mrks's ghost, amateur TrMo


Innate Abilities, Weirdness & Mutations

You are under a permanent stasis effect.
You can dig through walls and to a lower floor.
Your four strong arms can wield two-handed weapons with a shield.
You have a pair of large antennae on your head. (SInv)


Message History

Mrks's ghost is moderately damaged.
You block mrks's ghost's attack. x2
You closely miss mrks's ghost.
Mrks's ghost is moderately damaged.
Mrks's ghost hits you.
You slash mrks's ghost!
Mrks's ghost is heavily damaged.
Mrks's ghost closely misses you.
You slash mrks's ghost!
Mrks's ghost is severely damaged.
Mrks's ghost hits you! Mrks's ghost completely misses you.
You riposte.
You hit mrks's ghost.
Mrks's ghost is severely damaged.
You hit mrks's ghost but do no damage.
Mrks's ghost is severely damaged.
Mrks's ghost grins evilly.
Mrks's ghost barely misses you.
You feel very mighty all of a sudden. Mrks's ghost hits you!
You die...

. .## # ..# ###
#. ###.# ...#
... ...##...#
#...###...#...#
#...#.W.....#
#...@.....#
##.#####..<)...#
...............#
......###......#
..... #......#
.... ########
... ##


You could see mrks's ghost.

Vanquished Creatures
  An orc priest (D:2)
  3 oozes (D:2)
  A dart slug (D:2)
  2 leopard geckos
  3 orcs (D:2)
  A ball python (D:2)
  A giant cockroach (D:1)
  8 goblins
  3 hobgoblins
  9 kobolds
  7 bats
  7 frilled lizards
  6 rats
52 creatures vanquished.

Notes
Turn   | Place    | Note
-------+----------+-------------------------------------------
     0 | D:1      | Lennu the Formicid Fighter began the quest for the Orb.
     0 | D:1      | Reached XP level 1. HP: 18/18 MP: 1/1
    33 | D:1      | Found a roughly hewn altar of Beogh.
    33 | D:1      | Noticed an orc warrior
   157 | D:1      | Reached XP level 2. HP: 14/24 MP: 2/2
   748 | D:1      | Reached XP level 3. HP: 29/29 MP: 3/3
  1243 | D:2      | Found a sparkling altar of Nemelex Xobeh.
  1303 | D:2      | Reached XP level 4. HP: 32/36 MP: 4/4
  1674 | D:2      | Found a white marble altar of Elyvilon.
  1834 | D:2      | Reached skill level 1 in Dodging
  1972 | D:3      | Noticed mrks's ghost (amateur TrMo)
  1985 | D:3      | Slain by mrks's ghost

Skill      XL: |  1  2  3  4 |
---------------+-------------+-----
Shields        | 4 |  4.2
Armour         | 4 |  4.1
Dodging        | 1 |  1.0
Fighting       | |  3.8
Long Blades    | |  2.9

Action                   |  1- 3 |  4- 6 || total
-------------------------+-------+-------++-------
Melee: Long sword        |   110 |    61 ||   171
  Use: Potion            |       |     1 ||     1
  Eat: Bread ration      |     1 |       ||     1
Armor: Scale mail        |    43 |    28 ||    71
Dodge: Dodged            |    41 |    28 ||    69
Block: Shield            |    63 |    34 ||    97
       Rpst.: Long sword |    13 |    10 ||    23
